 Dungeon Crawl Stone Soup version 0.28.0-45-g0d030f2227 (webtiles) character file.

Game seed: 12090977126554465856

657 seaoflcl the Skirmisher (level 7, 0/56 HPs)
             Began as a Merfolk Fighter on Apr 24, 2022.
             Slain by an ogre
             ... wielding a +0 giant club
              (10 damage)
             ... on level 6 of the Dungeon.
             The game lasted 00:08:07 (5085 turns).

seaoflcl the Skirmisher (Merfolk Fighter)           Turns: 5085, Time: 00:08:08

Health: 0/56       AC: 15    Str: 18    XL:     7   Next: 55%
Magic:  7/7        EV:  5    Int:  8    God:
Gold:   141        SH:  5    Dex: 13    Spells: 6/6 levels left

rFire   . . .      SeeInvis .   a - +2 hand axe (drain)
rCold   . . .      Faith    .   c - +0 buckler
rNeg    . . .      Spirit   .   n - +0 plate armour
rPois   +          Reflect  .   k - +2 hat
rElec   .          Harm     .   (no cloak)
rCorr   .          Rampage  .   D - +1 pair of gloves
Will    .....                   (no boots)
Stlth   ..........              (no amulet)
HPRegen 0.18/turn               B - ring of poison resistance
MPRegen 0.10/turn               (no ring)

@: mighty
A: (nimble swimmer 2), mertail
a: no special abilities


You were on level 6 of the Dungeon.
You visited 1 branch of the dungeon, and saw 6 of its levels.
You also visited: Sewer.

You collected 141 gold pieces.

Inventory:

Hand Weapons
 a - a +2 hand axe of draining (weapon)
 b - a +2 vorpal hunting sling
 o - a +0 long sword
Missiles
 l - 34 sling bullets
Armour
 c - a +0 buckler (worn)
 j - a +0 helmet
 k - a +2 hat (worn)
 n - a +0 plate armour (worn)
 z - a +0 scale mail
 D - a +1 pair of gloves (worn)
Jewellery
 B - a ring of poison resistance (left hand)
 F - the ring of Pinwaonk {rPois Str+6 Int-3}
   (You found it on level 5 of the Dungeon)

   [ring of poison resistance]

   Str:       It affects your strength (+6).
   Int:       It affects your intelligence (-3).
   rPois:     It protects you from poison.
Scrolls
 f - 2 scrolls of teleportation
 g - a scroll of summoning {unknown}
 p - a scroll of magic mapping
 q - a scroll of immolation
 s - a scroll of vulnerability {unknown}
 t - a scroll of brand weapon {unknown}
 u - a scroll of holy word {unknown}
 v - a scroll of fear {unknown}
 x - a scroll of noise {unknown}
 y - a scroll of torment {unknown}
 E - a scroll of enchant armour {unknown}
Potions
 d - 2 potions of might
 e - a potion of brilliance {unknown}
 h - a potion of haste {unknown}
 i - 2 potions of heal wounds {unknown}
 m - a potion of berserk rage {unknown}
 r - a potion of flight {unknown}
 w - a potion of magic {unknown}
 A - 2 potions of curing {unknown}
 C - a potion of attraction {unknown}


   Skills:
 * Level 5.3 Fighting
 - Level 3.1 Long Blades
 * Level 2.4 Axes
 + Level 1.1 Slings
 * Level 3.6 Armour
 * Level 4.8 Shields


You had 6 spell levels left.
You didn't know any spells.
Your spell library contained the following spells:

 Spells                   Type           Power      Damage    Failure   Level
 Sublimation of Blood     Necr           0%         N/A       100%        2
 Wereblood                Tmut           0%         N/A       100%        2
 Summon Hydra             Summ           0%         N/A       100%        7


Dungeon Overview and Level Annotations

Branches:
Dungeon (6/15)              Sewer (visited)
 Temple: D:4-7

Altars:

Shops:
D:1 !   D:4 (

Annotations:
D:4 Grinder


Innate Abilities, Weirdness & Mutations

((You are very nimble when in or above water. (Stealth+, EV+, Speed+++)))
Your lower body shifts to a powerful aquatic tail in water.


Message History

You open the door.
Found a stone staircase leading down.
There is an open door here.
F - the ring of Pinwaonk {rPois Str+6 Int-3}
Found a ring mail.
There is a shaft here.
You pick up a book of Blood and begin reading...
You add the spells Sublimation of Blood, Wereblood and Summon Hydra to your library.
Found an escape hatch in the floor.
There is an escape hatch in the floor here.
There is an escape hatch in the floor here.
Found 27 stones.
An ogre comes into view. It is wielding a +0 giant club.
The ogre shouts!
An ogre is nearby!
The ogre hits you with a +0 giant club!
You hit the ogre. You drain the ogre.
The ogre is lightly wounded.
The ogre hits you with a +0 giant club!
You see here 27 stones.
The ogre hits you with a +0 giant club.
There is an escape hatch in the floor here.
The ogre seems less drained.
You slide downwards.
The hatch slams shut behind you.
Found a dark potion.
Found a stone staircase leading down.
You see here a dark potion.
Found a stone staircase leading down.
You hit the ogre but do no damage.
The ogre is lightly wounded.
You block the ogre's attack.
You hit the ogre.
The ogre is moderately wounded.
The ogre hits you with a +0 giant club!
You feel very mighty all of a sudden.
The ogre hits you with a +0 giant club!!
* * * LOW HITPOINT WARNING * * *
You hit the ogre.
The ogre is heavily wounded.
The ogre hits you with a +0 giant club!
You die...

#. .... . #.
....# ... ..
#.>.....#.....
...#.>
....#.......
....##...........
#...#...........
#........##....
#..@O....#.....
#..............
#..#.!......#
....##.#....###
#...#
#.#......... #...
#.#......... #..
..#......... ...
............
##.........#.


You could see an ogre.

Vanquished Creatures
  A water moccasin (D:5)
  A phantom (D:5)
  2 scorpions (D:5)
  A water moccasin skeleton (D:5)
  Jessica (D:2)
  2 iguanas (D:5)
  An orc wizard (D:5)
  A gnoll (D:1)
  7 adders
  5 river rats (Sewer)
  An ufetubus (D:5)
  2 worms (D:2)
  A dart slug (D:5)
  7 orcs
  An endoplasm (D:2)
  5 giant cockroaches
  4 goblins
  3 hobgoblins
  3 kobolds
  6 quokkas
  11 ball pythons
  5 bats
  6 frilled lizards
  9 rats
86 creatures vanquished.

Vanquished Creatures (others)
  6 toadstools (D:3)
6 creatures vanquished.

Grand Total: 92 creatures vanquished

Notes
Turn   | Place    | Note
-------+----------+-------------------------------------------
     0 | D:1      | seaoflcl the Merfolk Fighter began the quest for the Orb.
     0 | D:1      | Reached XP level 1. HP: 18/18 MP: 1/1
    63 | D:1      | Found Nuqoqoriufa's Distillery.
   563 | D:1      | Reached XP level 2. HP: 11/24 MP: 2/2
  1008 | D:2      | Reached XP level 3. HP: 24/30 MP: 3/3
  2041 | D:2      | Noticed Jessica
  2059 | D:2      | Killed Jessica
  2060 | D:2      | Reached XP level 4. HP: 25/37 MP: 4/4
  2325 | D:2      | Reached skill level 4 in Fighting
  2481 | D:3      | Found a faded altar of an unknown god.
  2663 | D:3      | Found a glowing drain.
  2673 | Sewer    | Entered a sewer
  2764 | Sewer    | Reached XP level 5. HP: 42/42 MP: 5/5
  3180 | Sewer    | Reached skill level 1 in Axes
  3764 | D:4      | Found Teacvudd's Weapon Emporium.
  3837 | D:4      | Noticed Grinder
  3871 | D:5      | Entered Level 5 of the Dungeon
  4015 | D:5      | Noticed a water moccasin
  4032 | D:5      | Killed a water moccasin
  4033 | D:5      | Reached XP level 6. HP: 49/49 MP: 6/6
  4344 | D:5      | Reached XP level 7. HP: 9/55 MP: 7/7
  4696 | D:5      | Reached skill level 5 in Fighting
  4791 | D:5      | Reached skill level 1 in Slings
  4994 | D:5      | Identified the ring of Pinwaonk {rPois Str+6 Int-3}
  5085 | D:6      | Slain by an ogre

Illustrated notes

Levels and vault maps discovered:
D:1:      matt_arrival_los_fun, layout_rooms, serial_shops,
          nicolae_lakefront_shop, hangedman_decor_growths
D:2:      cheibrodos_old_hovel, layout_basic, uniq_jessica
D:3:      cheibrodos_fertilizer, layout_rooms,
          hellmonk_ecumenical_altar_arch_garden, gup_sewer_entry_pipe,
          serial_curves, eino_curves_01, eino_curves_03, eino_curves_03,
          kennysheep_pointless_box, uniq_natasha
D:4:      layout_basic, mainiacjoe_overflow_paths, minmay_temple_entry_mist,
          serial_shops, shop_statue, uniq_grinder
D:5:      layout_basic, minmay_circle_x
D:6:      layout_cave_pools, guppyfry_early_elven_hall

Skill      XL: |  1  2  3  4  5  6  7 |
---------------+----------------------+-----
Long Blades    | 3 |  3.1
Fighting       | 4 5 |  5.3
Axes           | 1 2 |  2.4
Shields        | 4 |  4.8
Armour         | 3 |  3.6
Slings         | 1 |  1.1

Action                   |  1- 3 |  4- 6 |  7- 9 || total
-------------------------+-------+-------+-------++-------
Melee: Long sword        |    91 |    26 |       ||   117
       Hand axe          |       |   137 |    37 ||   174
       Tailslap          |       |     1 |       ||     1
 Fire: Hunting sling     |       |     5 |     2 ||     7
  Use: Scroll            |       |     2 |     1 ||     3
       Potion            |       |       |     1 ||     1
Armor: Scale mail        |    31 |    60 |       ||    91
       Plate armour      |       |    32 |    22 ||    54
Dodge: Dodged            |    32 |    86 |     8 ||   126
Block: Buckler           |    18 |    43 |    10 ||    71
